 Dungeon Crawl Stone Soup version 0.26-a0-1040-gbe3abf3417 (webtiles) character file.

Game seed: 12637574988906045949

8 Dracia the Sneak (level 2, -4/24 HPs)
             Began as a Merfolk Delver on Dec 11, 2020.
             Slain by an ogre
             ... wielding a +0 giant club
              (23 damage)
             ... on level 5 of the Dungeon.
             The game lasted 00:00:25 (221 turns).

Dracia the Sneak (Merfolk Delver)                    Turns: 221, Time: 00:00:26

Health: -4/24      AC:  3    Str: 12    XL:     2   Next: 8%
Magic:  2/2        EV: 12    Int:  9    God:
Gold:   21         SH:  0    Dex: 15    Spells: 1/1 levels left

rFire    . . .     SeeInvis .   a - +0 spear
rCold    . . .     Faith    .   (no shield)
rNeg     . . .     Spirit   .   b - +0 leather armour
rPois    .         Reflect  .   (no helmet)
rElec    .         Harm     .   (no cloak)
rCorr    .         Rampage  .   (no gloves)
Will     .....                  (no boots)
Stlth    +++.......             (no amulet)
HPRegen  0.08/turn              (no ring)
MPRegen  0.08/turn              (no ring)

@: hasted, very quick
A: change form in water, swift swim, stealthy swim
a: no special abilities


You were on level 5 of the Dungeon.
You visited 1 branch of the dungeon, and saw 1 of its levels.

You collected 21 gold pieces.


   Skills:
 - Level 3.2 Fighting
 + Level 4.1 Polearms
 - Level 2.6 Dodging
 - Level 5.4 Stealth


You had one spell level left.
You didn't know any spells.
Your spell library was empty.

Inventory:

Hand Weapons
 a - a +0 spear (weapon)
Armour
 b - a +0 leather armour (worn)
Wands
 g - a wand of digging (3)
Scrolls
 c - a scroll of fog
 d - a scroll of magic mapping
 e - a scroll of fear
Potions
 h - a potion of mutation {unknown}

Dungeon Overview and Level Annotations

Branches:
Dungeon (5/15)
 Temple: D:4-7

Altars:

....# ...# ..# #
#.# .# #†# .# #)#
####.#### #.
##.#####.?)....#
..#..............#
#.#........@O....#
#.#......)###.####
#.........# #
##........#
#........#
##.......#
##..#######
#..>(......
#.....#####


You could see an ogre.


Message History

You reach to attack!
You hit the leopard gecko skeleton.
The leopard gecko skeleton is moderately damaged.
You barely miss the leopard gecko skeleton.
The leopard gecko skeleton is moderately damaged.
The leopard gecko skeleton misses you.
You closely miss the leopard gecko skeleton.
The leopard gecko skeleton is moderately damaged.
You hit the leopard gecko skeleton.
The leopard gecko skeleton is severely damaged.
You hit the orc.
You kill the orc!
Your Polearms skill increases to level 4!
You have reached level 2!
You reach to attack!
You barely miss the leopard gecko skeleton.
The leopard gecko skeleton is severely damaged.
You hit the leopard gecko skeleton.
You destroy the leopard gecko skeleton!
No target in view!
No target in view!
Items here: ))) [[ ††.
An ogre is nearby!
You catch the helpless ogre completely off-guard!
You hit the ogre.
The ogre is lightly wounded.
You hit the ogre.
The ogre is moderately wounded.
The ogre hits you with a +0 giant club!!
Ouch! That really hurt!
You die...

Skill      XL: |  1 |
---------------+----+-----
Polearms       | 4 |  4.1
Fighting       | |  3.2
Dodging        | |  2.6
Stealth        | |  5.4

Action                   || total
-------------------------++-------
Melee: Spear             ||    28
  Use: Potion            ||     1
 Stab: Distracted        ||     1
Armor: Leather armour    ||     2
Dodge: Dodged            ||     7

Levels and vault maps discovered:
D:5:      layout_basic

Notes
Turn   | Place    | Note
-------+----------+-------------------------------------------
     0 | D:5      | Dracia the Merfolk Delver began the quest for the Orb.
     0 | D:5      | Reached XP level 1. HP: 18/18 MP: 1/1
   176 | D:5      | Noticed an ogre
   201 | D:5      | Reached skill level 4 in Polearms
   201 | D:5      | Reached XP level 2. HP: 18/24 MP: 2/2
   221 | D:5      | Slain by an ogre

Vanquished Creatures
  3 orcs (D:5)
  A quokka (D:5)
  A leopard gecko skeleton (D:5)
5 creatures vanquished.

Table legend: (Time is in decaauts)
 A = Elapsed time spent in this place.
 B = Non-inter-level travel time spent in this place.
 C = Inter-level travel time spent in this place.
 D = Time resting spent in this place.
 E = Time spent auto-exploring this place.
 F = Levels seen in this place.
 G = Mean time per level.
                   A        B        C        D        E       F      G
               +--------+--------+--------+--------+--------+-----+--------+
         Total |    207 |    207 |      0 |    136 |     26 |   1 |  207.0 |
       Dungeon |    207 |    207 |      0 |    136 |     26 |   1 |  207.0 |
               +--------+--------+--------+--------+--------+-----+--------+

Top non-repeatable levels by time:
     D:5: 207 daAuts

Table legend:
 A = Non-vault XP
 B = Vault XP
 C = Vault XP percentage of total XP
 D = Non-vault monster count
 E = Vault monster count
 F = Vault count percentage of total count
                 A         B        C        D         E       F
            +---------+---------+-------+---------+---------+-------
      Total |      12 |       0 |   0.0 |       5 |       0 |   0.0
            +---------+---------+-------+---------+---------+-------
        D:5 |      12 |       0 |   0.0 |       5 |       0 |   0.0
            +---------+---------+-------+---------+---------+-------
